 Dungeon Crawl Stone Soup version 0.18-a0-1805-g8ab820f (webtiles) character file.

9677 dvd the Covert (level 11, -1/52 HPs)
             Began as a Spriggan Enchanter on Apr 25, 2016.
             Was an Initiate of Gozag.
             Slain by a freezing wraith (16 damage)
             ... led by a death knight
             ... on level 12 of the Dungeon.
             The game lasted 00:50:57 (13791 turns).

dvd the Covert (Spriggan Enchanter)                Turns: 13791, Time: 00:51:02

Health: -1/52      AC:  7    Str:  4    XL:     11   Next: 26%
Magic:  27/34      EV: 23    Int: 18    God:    Gozag
Gold:   983        SH:  0    Dex: 17    Spells: 5 memorised, 13 levels left

rFire  . . .     SeeInvis +     a - +6 dagger (speed)
rCold  . . .     Gourm    .     v - +2 robe
rNeg   . . .     Faith    .     (shield restricted)
rPois  +         Spirit   .     (helmet restricted)
rElec  .         Dismiss  .     q - +2 cloak {MR+}
rCorr  .         Reflect  .     (gloves unavailable)
SustAt .         Harm     .     (boots unavailable)
MR     ++...                    H - amulet of regeneration
Stlth  ++++++....               n - ring of poison resistance
                                r - ring of magical power

@: very quick, very resistant to hostile enchantments, very stealthy
A: unfitting armour, see invisible, deterioration 1, dopey 1, herbivore 3, speed
3, mutation resistance 1, slow metabolism 2, no device heal 1
a: Potion Petition, Call Merchant, Bribe Branch, Renounce Religion


You were on level 12 of the Dungeon.
You worshipped Gozag.
Gozag was noncommittal.
You were not hungry.

You visited 2 branches of the dungeon, and saw 13 of its levels.

You collected 1860 gold pieces.
You spent 750 gold pieces at shops.
You paid 127 gold pieces to Gozag.

Inventory:

Hand Weapons
 a - a +6 dagger of speed (weapon)
 b - a +0 hunting sling
 p - the +1 flail of False Accusations {elec, Int+3}
   (You found it on level 7 of the Dungeon)

   Occasionally, upon striking a foe, it will discharge some electrical energy
   and cause terrible harm.
   It affects your intelligence (+3).
Missiles
 u - 450 stones (quivered)
 w - 106 sling bullets
Armour
 i - a +0 buckler
 q - a +2 cloak of magic resistance (worn)
 v - a +2 robe (worn)
Magical Staves
 K - an uncursed staff of poison
Jewellery
 h - an uncursed ring of positive energy
 n - a ring of poison resistance (right hand)
 r - a ring of magical power (left hand)
 y - the ring "Ozez" {rC- rN+ Str+3 Int-2}
   (You found it on level 4 of the Dungeon)

   [ring of intelligence]

   It affects your strength (+3).
   It affects your intelligence (-2).
   It makes you vulnerable to cold.
   It protects you from negative energy.
 H - an amulet of regeneration (around neck)
 J - an uncursed amulet of dismissal
Wands
 A - a wand of slowing (38/48)
 D - a wand of slowing (19/48)
 G - a wand of random effects (20/48)
 I - a wand of acid (8/15)
Scrolls
 f - 2 scrolls of fog
 j - 4 scrolls of identify
 k - 2 scrolls of magic mapping
 s - 3 scrolls of blinking
 x - 3 scrolls of teleportation
 z - a scroll of amnesia
 B - 2 scrolls of enchant armour
Potions
 e - a potion of agility
 E - 2 potions of curing
Books
 c - a book of Maledictions

   Spells                             Type                      Level
   a - Corona                         Hexes                        1
   b - Ensorcelled Hibernation        Hexes/Ice                    2
   c - Confuse                        Hexes                        3
   d - Tukima's Dance                 Hexes                        3
   e - Dazzling Spray                 Conjuration/Hexes            3
 g - a Fen Folio

   Spells                             Type                      Level
   a - Corpse Rot                     Necromancy                   2
   b - Stone Arrow                    Conjuration/Earth            3
   c - Leda's Liquefaction            Hexes/Earth                  4
   d - Summon Forest                  Summoning/Translocation      5
   e - Hydra Form                     Transmutation                6
   f - Summon Hydra                   Summoning                    7
 o - a book of Summonings

   Spells                             Type                      Level
   a - Recall                         Summoning/Translocation      3
   b - Aura of Abjuration             Summoning                    5
   c - Summon Demon                   Summoning                    5
   d - Summon Forest                  Summoning/Translocation      5
   e - Summon Mana Viper              Hexes/Summoning              5
   f - Shadow Creatures               Summoning                    6
 t - a book of Burglary

   Spells                             Type                      Level
   a - Swiftness                      Charms/Air                   2
   b - Passwall                       Transmutation/Earth          2
   c - Passage of Golubria            Translocation                4
   d - Lee's Rapid Deconstruction     Earth                        5
   e - Darkness                       Hexes                        6
   f - Invisibility                   Hexes                        6
Comestibles
 d - 5 bread rations
 C - 8 slices of pizza
 F - 3 fruits


   Skills:
 + Level 3.5 Fighting
 + Level 5.2 Short Blades
 + Level 4.4(5.3) Slings
 + Level 3.6(4.4) Throwing
 + Level 7.8 Dodging
 + Level 13.0 Stealth
 + Level 0.2 Shields
 + Level 9.8 Spellcasting
 + Level 2.7 Conjurations
 + Level 9.6 Hexes
 * Level 2.1 Summonings
 + Level 4.3 Ice Magic
 + Level 4.9 Evocations


You had 13 spell levels left.
You knew the following spells:

 Your Spells              Type           Power        Failure   Level  Hunger
a - Summon Mana Viper     Hex/Summ       ####....     24%         5    #####..
b - Ensorcelled Hibernat  Hex/Ice        ####..       1%          2    None
c - Confuse               Hex            #####...     1%          3    None
d - Dazzling Spray        Conj/Hex       ####....     1%          3    None
e - Tukima's Dance        Hex            #####...     1%          3    None


Dungeon Overview and Level Annotations

Branches:
Dungeon (12/15)            Temple (1/1) D:7            Lair (0/8) D:9
    Orc: D:9-12

Altars:
Ashenzari
Cheibriados
Dithmenos
Elyvilon
Fedhas
Gozag
Kikubaaqudgha
Makhleb
Nemelex Xobeh
Okawaru
Pakellas
Qazlal
Ru
Sif Muna
Trog
Vehumet
Xom
Yredelemnul
Zin
The Shining One

Shops:
D:8 %   D:9 *


Innate Abilities, Weirdness & Mutations

You are tiny and cannot use many weapons and most armour.
You have supernaturally acute eyesight.
You are a herbivore.
You cover ground extremely quickly.
You need consume almost no food.
Your body sometimes deteriorates upon taking damage.
You are dopey. (Int -2)
You are somewhat resistant to further mutation.
Potions and wands are less effective at restoring your health.


Message History

Aim: a freezing wraith (chance to defeat MR: 51%)
The freezing wraith appears confused.
The freezing wraith hits itself.
The freezing wraith barely misses itself.
You hit the freezing wraith.
The freezing wraith is lightly damaged.
The freezing wraith hits itself!
The freezing wraith hits itself.
You hit the freezing wraith but do no damage.
The freezing wraith is moderately damaged.
You hit the freezing wraith but do no damage.
The freezing wraith is moderately damaged.
You hit the freezing wraith.
The freezing wraith is heavily damaged.
You barely miss the freezing wraith.
The freezing wraith is heavily damaged.
The freezing wraith hits you!
* * * LOW HITPOINT WARNING * * *
The freezing wraith freezes you!
You die...
Your body crumbles into a pile of gold.

####################
#..................
#.##.........#.....#.
#. #.....##..#..#....
#.##.###.....#.......
#....# #####.@......#
#....# #W...#....
#.#..#####+####.... .
#...........#.#.?....
#........##.#.# ...#.
#...........#.# .....
#.......#####.# ....
#....####..##.# ..#.
#.##.'........#


You could see a freezing wraith (confused).

Vanquished Creatures
  5 hill giants
  A cyclops (D:11)
  Maurice (D:8)
  The ghost of Sagrath01 the Changer, a novice DrTm (D:6)
  Joseph (D:8)
  2 centaur skeletons
  2 two-headed ogres
  A vampire (D:9)
  2 yaks (D:9)
  2 wyverns
  A dancing weapon (D:8)
  Grum (D:9)
  A hungry ghost (D:11)
  2 hippogriffs (D:11)
  A water moccasin (D:9)
  An ice beast (D:11)
  5 orc warriors
  4 sky beasts
  3 ogres
  A phantom (D:6)
  4 wolves (D:9)
  A centaur (D:5)
  A crocodile (D:9)
  A big kobold (D:9)
  4 giant frogs
  A wyvern zombie (D:9)
  5 scorpions
  9 killer bees
  5 wights (D:8)
  A giant frog zombie (D:10)
  2 crimson imps
  A centaur zombie (D:9)
  A wasp zombie (D:9)
  4 hounds
  A jelly (D:5)
  An orc priest (D:8)
  4 iguanas
  6 worker ants
  2 giant frog skeletons
  3 orc wizards
  A killer bee zombie (D:6)
  A hound skeleton (D:4)
  A hound zombie (D:5)
  Robin (D:3)
  4 gnolls
  15 adders
  5 river rats (D:9)
  2 shadow imps
  2 oozes
  An adder zombie (D:9)
  An adder skeleton (D:7)
  2 worms (D:2)
  A dart slug (D:1)
  5 giant geckos
  28 orcs
  A ball python (D:4)
  14 bats
  5 giant cockroaches
  15 goblins
  11 hobgoblins
  20 jackals
  6 kobolds
  9 quokkas
  A giant gecko skeleton (D:6)
  6 giant newts
  A jackal skeleton (D:8)
  A jackal zombie (D:6)
  20 rats
  A plant (D:2)
276 creatures vanquished.

Vanquished Creatures (others)
  6 dancing weapons (D:8)
  A fungus (D:9)
7 creatures vanquished.

Grand Total: 283 creatures vanquished

Notes
Turn   | Place    | Note
--------------------------------------------------------------
     0 | D:1      | dvd the Spriggan Enchanter began the quest for the Orb.
     0 | D:1      | Reached XP level 1. HP: 9/9 MP: 5/5
   195 | D:1      | Reached XP level 2. HP: 13/13 MP: 4/6
   205 | D:1      | Reached skill level 5 in Stealth
   210 | D:1      | Learned a level 2 spell: Ensorcelled Hibernation
   990 | D:1      | Reached XP level 3. HP: 16/16 MP: 5/8
   998 | D:1      | Learned a level 3 spell: Confuse
  1348 | D:2      | Reached skill level 6 in Stealth
  1392 | D:2      | Found a glowing silver altar of Zin.
  1447 | D:2      | Reached XP level 4. HP: 20/21 MP: 0/9
  3046 | D:3      | Reached skill level 7 in Stealth
  3097 | D:3      | Found a shimmering altar of Xom.
  3097 | D:3      | Found a snail-covered altar of Cheibriados.
  3290 | D:3      | Reached XP level 5. HP: 24/24 MP: 2/10
  3361 | D:3      | Noticed Robin
  3369 | D:3      | Learned a level 3 spell: Dazzling Spray
  3537 | D:3      | Reached skill level 1 in Ice Magic
  4056 | D:3      | Killed Robin
  4455 | D:4      | Got a clouded tin ring
  4461 | D:4      | Identified the cursed ring "Ozez" {rC- rN+ Str+3 Int-2} (You found it on level 4 of the Dungeon)
  4820 | D:4      | Found a snail-covered altar of Cheibriados.
  4831 | D:4      | Reached skill level 8 in Stealth
  4831 | D:4      | Reached XP level 6. HP: 17/28 MP: 8/12
  5229 | D:4      | Learned a level 3 spell: Tukima's Dance
  5301 | D:4      | Reached XP level 7. HP: 36/36 MP: 13/17
  5306 | D:4      | Gained mutation: Your body sometimes deteriorates upon taking damage. [potion of mutation]
  5306 | D:4      | Gained mutation: You tend to lose your temper in combat. [potion of mutation]
  5306 | D:4      | Gained mutation: Potions and wands are less effective at restoring your health. [potion of mutation]
  5439 | D:5      | Entered Level 5 of the Dungeon
  6685 | D:6      | Reached XP level 8. HP: 40/40 MP: 13/18
  6989 | D:6      | Noticed Sagrath01's ghost (novice DrTm)
  7017 | D:6      | Killed Sagrath01's ghost
  7017 | D:6      | Reached skill level 9 in Stealth
  7033 | D:6      | Found an oddly glowing altar of Pakellas.
  7552 | D:7      | Found a staircase to the Ecumenical Temple.
  7559 | Temple   | Entered the Ecumenical Temple
  7708 | Temple   | Became a worshipper of Gozag Ym Sagoz the Greedy
  8201 | D:7      | Got a twisted flail
  8202 | D:7      | Identified the +1 flail of False Accusations {elec, Int+3} (You found it on level 7 of the Dungeon)
  8246 | D:7      | Identified a scroll of acquirement
  8342 | D:7      | Found a glowing silver altar of Zin.
  8344 | D:7      | Found Zin's Purification Station.
  8754 | D:8      | Reached XP level 9. HP: 44/44 MP: 0/20
  8943 | D:8      | Noticed Joseph
  8960 | D:8      | Killed Joseph
  9336 | D:8      | Noticed Maurice
  9337 | D:8      | Reached skill level 10 in Stealth
  9388 | D:8      | Killed Maurice
  9556 | D:8      | Found Asagh's Food Emporium.
  9565 | D:8      | Gained mutation: Your body often deteriorates upon taking damage. [potion of mutation]
  9565 | D:8      | Gained mutation: You are dopey. (Int -2) [potion of mutation]
  9588 | D:8      | Reached skill level 5 in Short Blades
 10124 | D:8      | Reached skill level 11 in Stealth
 10211 | D:9      | Reached XP level 10. HP: 49/49 MP: 17/23
 10246 | D:9      | Found Tysautsi's General Store.
 10302 | D:7      | Bought a potion of cure mutation for 750 gold pieces
 10302 | D:7      | Lost mutation: You tend to lose your temper in combat. [potion of cure mutation]
 10302 | D:7      | Lost mutation: Your body often deteriorates upon taking damage. [potion of cure mutation]
 10972 | D:9      | Noticed Grum
 11006 | D:9      | Killed Grum
 11017 | D:9      | Reached skill level 12 in Stealth
 11576 | D:9      | Learned a level 5 spell: Summon Mana Viper
 11678 | D:9      | Found a staircase to the Lair.
 11779 | D:10     | Entered Level 10 of the Dungeon
 11779 | D:10     | Noticed a hill giant
 11781 | D:10     | Noticed a hill giant
 11806 | D:10     | Killed a hill giant
 11811 | D:10     | Killed a hill giant
 11899 | D:10     | Noticed a hill giant
 11906 | D:10     | Killed a hill giant
 11906 | D:10     | Reached skill level 1 in Summonings
 11930 | D:10     | Found a glowing golden altar of the Shining One.
 12339 | D:10     | Gained mutation: You are somewhat resistant to further mutation. [potion of mutation]
 12579 | D:11     | Noticed a cyclops
 12584 | D:11     | Killed a cyclops
 12584 | D:11     | Reached XP level 11. HP: 52/52 MP: 25/25
 12923 | D:11     | Noticed a hill giant
 12930 | D:11     | Killed a hill giant
 13121 | D:11     | Noticed a death knight
 13121 | D:11     | Noticed a skeletal warrior
 13322 | D:11     | Noticed a hill giant
 13352 | D:11     | Killed a hill giant
 13608 | D:11     | Reached skill level 13 in Stealth
 13791 | D:12     | Slain by a freezing wraith

Vault maps used:
D:1:      onia_arrival_larder
D:2:      wad_woods_stonehenge
D:3:      kennysheep_goblin_castle, amethyst_overflow_temple_binary
D:4:      first_bread, grunt_decor_arrowhead, cheibriados_altar_wand_db
D:6:      grunt_pakellas_sulfur
D:7:      zin_purify, minmay_temple_entry_junction
D:8:      kennysheep_small_square, uniq_joseph, uniq_maurice
D:9:      grunt_lair_entry_orc_guard_hut, serial_shops, kennysheep_mini,
          grunt_pizzeria, uniq_grum
D:10:     tso_altar
D:12:     david_orc_3, serial_column_ruins, column_ruins_square_medium,
          column_ruins_open_tiny, column_ruins_grid_1, column_ruins_grid_1,
          column_ruins_grid_1, uniq_nessos
Temple:   nicolae_temple_the_god_donut

Skill      XL: |  1  2  3  4  5  6  7  8  9 10 11 |
---------------+----------------------------------+-----
Stealth        | 5 6 7 8 9 11 12 13 | 13.0
Spellcasting   | 3 6 7 8 9 |  9.8
Hexes          | 4 6 7 8 9 |  9.6
Ice Magic      | 1 3 4 |  4.3
Fighting       | 3 |  3.5
Short Blades   | 4 5 |  5.2
Slings         | 4 |  4.4
Throwing       | 3 |  3.6
Dodging        | 6 7 |  7.8
Conjurations   | 2 |  2.7
Evocations     | 4 |  4.9
Summonings     | 1 2 |  2.1
Shields        | |  0.2

Action                   |  1- 3 |  4- 6 |  7- 9 | 10-12 || total
-------------------------+-------+-------+-------+-------++-------
Melee: Dagger            |    77 |   220 |   189 |   179 ||   665
       Short sword       |     2 |       |       |       ||     2
 Fire: Hunting sling     |       |       |    12 |       ||    12
 Cast: Corona            |     8 |       |       |       ||     8
       Ensorcelled Hiber |    20 |    53 |    64 |    68 ||   205
       Confuse           |       |     5 |    28 |    23 ||    56
       Dazzling Spray    |       |     2 |     2 |     3 ||     7
       Tukima's Dance    |       |       |    20 |    15 ||    35
  Use: Scroll            |     1 |    10 |     6 |     7 ||    24
       Potion            |       |     4 |     5 |     5 ||    14
 Stab: Sleeping          |    31 |    47 |    64 |    59 ||   201
       Distracted        |       |     1 |     1 |     1 ||     3
       Confused          |       |     2 |    15 |    16 ||    33
       Invisible         |       |       |     1 |       ||     1
  Eat: Bread ration      |       |     1 |     2 |       ||     3
       Pizza             |       |     1 |       |       ||     1
       Royal jelly       |       |       |       |     1 ||     1
Armor: Robe              |     3 |     6 |     5 |     5 ||    19
Dodge: Dodged            |    41 |    65 |    66 |    77 ||   249
Block: Buckler           |       |       |    13 |    10 ||    23
